 Dungeon Crawl Stone Soup version 0.27-a0-1219-g958d993ae5 (webtiles) character file.

Game seed: 5371569660941443934

224299 Wyvernaa the Shatterer (level 19, -6/201 HPs)
             Began as an Ogre Fighter on June 6, 2021.
             Was a High Priest of Qazlal.
             Mangled by a naga warrior
             ... wielding a +4 flail of venom
              (44 damage)
             ... on level 4 of the Snake Pit.
             The game lasted 02:16:48 (54322 turns).

Wyvernaa the Shatterer (Ogre Fighter)              Turns: 54322, Time: 02:16:48

Health: -6/201     AC: 21    Str: 25    XL:     19   Next: 29%
Magic:  27/27      EV: 11    Int:  9    God:    Qazlal [*****.]
Gold:   1849       SH:  7    Dex: 14    Spells: 18/18 levels left

rFire    . . .     SeeInvis .   F - +4 giant spiked club (elec)
rCold    . . .     Faith    .   (shield currently unavailable)
rNeg     + . .     Spirit   .   G - +4 troll leather armour
rPois    +         Reflect  .   R - +2 hat {Will+}
rElec    .         Harm     .   Y - +2 cloak {rCorr}
rCorr    +         Rampage  .   (gloves unavailable)
Will     +++..                  (boots unavailable)
Stlth    +.........             v - macabre finger necklace {rN+}
HPRegen  1.43/turn              c - ring of poison resistance
MPRegen  0.20/turn              E - ring of willpower
                                X - +4 ring of protection

@: lethally poisoned (-6 -> -8), about to teleport, protected from physical
damage, constricted, repel missiles
A: large, unfitting armour, tough skin 1
}: 1/15 runes: barnacled
a: Renounce Religion, Upheaval, Elemental Force, Disaster Area


You were on level 4 of the Snake Pit.
You worshipped Qazlal.
Qazlal was extremely pleased with you.
You visited 6 branches of the dungeon, and saw 32 of its levels.
You also visited: Ossuary.

You collected 3158 gold pieces.
You spent 1309 gold pieces at shops.

Inventory:

Hand Weapons
 F - a +4 giant spiked club of electrocution (weapon)
 S - the +6 whip of the Forgotten Hells {antimagic, Str+3}
   (You found it on level 4 of the Lair of Beasts)

   It reduces the magical energy of the wielder, and disrupts the spells and
   magical abilities of those hit.
   Natural abilities and divine invocations are not affected.
   It affects your strength (+3).
Missiles
 l - 11 throwing nets (quivered)
Armour
 G - a +4 troll leather armour (worn)
 R - a +2 hat of willpower (worn)
 Y - a +2 cloak of preservation (worn)
 Z - +0 fire dragon scales
Jewellery
 c - a ring of poison resistance (left hand)
 m - a ring of ice
 v - the macabre finger necklace (around neck) {rN+}
   (You found it on level 15 of the Dungeon)

   [amulet of nothing]

   It enables you to equip an extra ring.
   It protects you from negative energy.
 E - a ring of willpower (right hand)
 N - an amulet of reflection
 O - a ring of flight
 Q - a +6 ring of dexterity
 U - an amulet of regeneration
 V - a ring of fire
 X - a +4 ring of protection (on amulet)
Wands
 e - a wand of mindburst (26)
 i - a wand of polymorph (35)
 x - a wand of charming (18)
 H - a wand of flame (47)
 I - a wand of acid (8)
 K - a wand of paralysis (9)
 P - a wand of iceblast (30)
 T - a wand of digging (3)
Scrolls
 a - 11 scrolls of identify
 b - a scroll of summoning
 f - 2 scrolls of blinking
 k - 14 scrolls of teleportation
 n - 4 scrolls of magic mapping
 o - 6 scrolls of fog
 p - 2 scrolls of enchant armour
 t - 2 scrolls of silence
 w - 3 scrolls of holy word
 B - a scroll of brand weapon
 W - 2 scrolls of fear
Potions
 d - a potion of invisibility
 g - 5 potions of flight
 h - 2 potions of magic
 j - 5 potions of heal wounds
 q - 4 potions of attraction
 r - a potion of ambrosia
 s - 5 potions of lignification
 u - a potion of cancellation
 z - a potion of resistance
 A - 5 potions of brilliance
 C - 3 potions of curing
 D - a potion of might
 J - 8 potions of haste


   Skills:
 + Level 15.2 Fighting
 - Level 0.8(1.0) Short Blades
 - Level 0.6(1.0) Long Blades
 - Level 0.7(16.2) Axes
 - Level 22.0 Maces & Flails
 - Level 0.9(1.3) Polearms
 - Level 1.1(16.2) Staves
 - Level 0.5(0.8) Slings
 - Level 0.3 Bows
 - Level 0.7 Crossbows
 - Level 1.0(1.2) Throwing
 + Level 11.3 Dodging
 - Level 9.0 Shields
 - Level 0.7 Conjurations
 - Level 0.7 Hexes
 - Level 0.8 Summonings
 - Level 0.6 Necromancy
 - Level 0.9 Translocations
 - Level 0.8 Transmutations
 - Level 1.0 Fire Magic
 - Level 1.2 Ice Magic
 - Level 0.8 Air Magic
 - Level 0.6 Earth Magic
 - Level 1.1 Poison Magic
 + Level 11.5 Invocations
 + Level 3.3 Evocations


You had 18 spell levels left.
You didn't know any spells.
Your spell library contained the following spells:

 Spells                   Type           Power      Damage    Failure   Level
 Apportation              Tloc           2%         N/A       32%         1
 Sting                    Tmut/Pois      4%         1d3       32%         1
 Shock                    Conj/Air       4%         1d3       34%         1
 Animate Skeleton         Necr           2%         N/A       36%         1
 Pain                     Necr           4%         1d4       36%         1
 Blink                    Tloc           N/A        N/A       43%         2
 Poisonous Vapours        Pois/Air       2%         N/A       43%         2
 Static Discharge         Conj/Air       1%         N/A       45%         2
 Corpse Rot               Necr/Air       N/A        N/A       47%         2
 Gell's Gravitas          Tloc           0%         N/A       67%         3
 Ignite Poison            Fire/Tmut/Pois 1%         N/A       67%         3
 Lesser Beckoning         Tloc           0%         N/A       67%         3
 Spider Form              Tmut/Pois      0%         N/A       67%         3
 Teleport Other           Tloc           1%         N/A       67%         3
 Mephitic Cloud           Conj/Pois/Air  1%         N/A       69%         3
 Swiftness                Air            1%         N/A       69%         3
 Tukima's Dance           Hex            1%         N/A       71%         3
 Vampiric Draining        Necr           0%         2d6       73%         3
 Olgreb's Toxic Radiance  Pois           1%         N/A       96%         4
 Airstrike                Air            0%         N/A       97%         4
 Animate Dead             Necr           0%         N/A       98%         4
 Agony                    Necr           1%         N/A       100%        5
 Alistair's Intoxication  Tmut/Pois      0%         N/A       100%        5
 Lightning Bolt           Conj/Air       0%         1d11      100%        5
 Manifold Assault         Tloc           1%         N/A       100%        5
 Death Channel            Necr           0%         N/A       100%        6
 Eringya's Noxious Bog    Tmut/Pois      0%         N/A       100%        6
 Invisibility             Hex            0%         N/A       100%        6
 Ignition                 Fire           0%         3d3       100%        8
 Shatter                  Erth           0%         3d5*      100%        9
 Tornado                  Air            0%         N/A       100%        9


Dungeon Overview and Level Annotations

Branches:
Dungeon (15/15)            Temple (1/1) D:6            Lair (6/6) D:11
 Shoals (4/4) Lair:3        Snake (4/4) Lair:4        Slime (0/5) Lair:5
    Orc (2/2) D:9             Elf (0/3) Orc:2        Vaults (0/5) D:13
 Depths (0/5) D:15        Ossuary (visited)

Altars:
Ashenzari
Cheibriados
Elyvilon
Fedhas
Gozag
Hepliaklqana
Kikubaaqudgha
Makhleb
Nemelex Xobeh
Okawaru
Qazlal
Sif Muna
Trog
Uskayaw
Vehumet
Wu Jian
Xom
Yredelemnul
Zin
Beogh

Shops:
D:2 *   D:3 =   D:13 *   Orc:2 !(*   Shoals:2 *   Shoals:3 !   Snake:1 :=:

Annotations:
D:7 2 transporters, Rohain's ghost, novice TrMo
D:15 exclusion: obsidian statue
Snake:4 3 runed translucent doors, Strat's ghost, adept KoCj


Innate Abilities, Weirdness & Mutations

You are too large for most types of armour.
You have tough skin. (AC +1)


Message History

A naga mage comes into view. It is wielding a +0 spear.
You feel very sick.
The naga mage shouts!
You hear a shout! x2
The guardian serpent is engulfed in freezing vapours.
The naga mage is engulfed in blazing flames.
The naga mage casts a spell at the naga sharpshooter.
The naga sharpshooter seems to grow toxic.
The guardian serpent coils itself and waves its upper body at you.
The bolt of poison misses you. The naga spits poison at you.
The splash of poison misses you.
The naga mage gestures wildly while chanting.
The naga mage seems to speed up.
The naga mage spits poison at you.
The splash of poison hits you but does no damage.
You resist.
Found a spiked chain mail.
A naga warrior comes into view. It is wielding a +0 halberd.
You feel sick.
The naga warrior shouts!
You hear a shout! x3
A guardian serpent comes into view.
The guardian serpent casts a spell at you.
The naga mage blinks!
The naga warrior blinks!
The naga mage blinks!
The naga sharpshooter blinks!
The naga blinks!
The naga sharpshooter mumbles some strange words.
The naga sharpshooter magically shoots an arrow.
The arrow hits you!!
* * * LOW HITPOINT WARNING * * *
The naga hits you with a +0 hand axe!
* * * LOW HITPOINT WARNING * * *
You feel more protected from physical attacks.
The naga grabs you. The naga constricts you.
The naga mage is engulfed in freezing vapours.
You kill the naga mage!
Qazlal accepts your kill.
A salamander mystic comes into view. It is wielding a +0 quarterstaff.
The naga warrior roars a battlecry!
The nagas go into a battle-frenzy!
The naga warrior hits you with a +4 flail of venom!!!
You die...

#....# ###....# .......#
########
.......######......#####
.............°.......N[N
######......§§.N.....N..
#.......§.S....§N.N
#.#####.§°NN○.....S #.#
###.N@N☼.### #.#
######## #.# #.#


You could see 3 naga warriors, a naga sharpshooter (strong, curare), a
salamander mystic, 2 guardian serpents, 3 naga magi and 2 nagas.

Vanquished Creatures
  Jorgrun (D:12)
  Polyphemus (Shoals:3)
  4 krakens
  3 nagarajas
  A frost giant (Shoals:4)
  Louise (Lair:3)
  The ghost of cobaltphoenix the Geomancer, a journeyman GrEE of Vehumet (D:12)
  A dire elephant (Lair:6)
  6 merfolk javelineers
  7 merfolk impalers
  Snorg (Lair:6)
  Josephine (Lair:5)
  2 fire dragons
  A yaktaur captain (D:13)
  A rakshasa (D:15)
  Harold (D:7)
  An ice dragon (D:15)
  6 boulder beetles
  The ghost of quinnr the Thaumaturge, a journeyman DjAE of Hepliaklqana (D:9)
  The ghost of quinnr the Fighter, a journeyman DjIE of Makhleb (D:10)
  8 hydras
  9 naga warriors
  2 catoblepae
  4 centaur warriors
  Erica (D:10)
  A salamander tyrant (Snake:2)
  3 merfolk aquamancers
  4 merfolk avatars
  11 anacondas
  2 alligator snapping turtles
  4 satyrs
  A deep troll shaman (Lair:6)
  10 two-headed ogres
  A tengu warrior (D:14)
  10 death yaks
  9 naga sharpshooters
  6 shock serpents
  An orc high priest (Orc:1)
  Sonja (Orc:1)
  The ghost of jasper the Nimble, a novice MfTm of Cheibriados (D:8)
  A sixfirhy (D:8)
  2 salamander mystics (Snake:2)
  5 skeletal warriors (D:14)
  17 sea snakes
  7 naga ritualists
  8 harpies
  A necromancer (Lair:2)
  A deep elf pyromancer (D:13)
  14 ugly things
  13 mana vipers
  5 orc sorcerers (Orc:2)
  A salamander (shapeshifter) (D:13)
  2 oklob plants (Lair:5)
  9 cyclopes
  15 fauns
  26 manticores
  13 salamanders
  7 elephants (Lair:6)
  47 black mambas
  9 water nymphs
  8 merfolk sirens
  5 gargoyles
  2 torpor snails
  Joseph (D:7)
  6 guardian serpents
  13 naga magi
  An unseen horror (D:12)
  18 cane toads
  An efreet (D:14)
  A tengu conjurer (D:13)
  5 rime drakes
  2 kobold demonologists
  A demonic crawler (Lair:3)
  5 komodo dragons
  2 yaktaurs (D:13)
  5 trolls
  A jumping spider (Lair:4)
  24 merfolk
  8 polar bears
  11 wind drakes
  A hornet (D:9)
  4 slime creatures (D:12)
  16 blink frogs
  5 snapping turtles
  6 dream sheep
  2 shadows
  A redback (Lair:4)
  5 wraiths
  13 yaks
  11 water elementals
  3 wyverns
  2 steam dragons
  Grum (D:10)
  4 basilisks
  A warg (Orc:2)
  2 swamp worms (Lair:3)
  47 nagas
  18 water moccasins
  6 black bears
  12 orc warriors
  3 sky beasts
  2 ice beasts (D:7)
  A necrophage (D:8)
  8 ogres
  16 wolves
  A boggart (D:8)
  A phantom (D:6)
  4 centaurs
  The ghost of pigah the Magician, an amateur OpWn of Elyvilon (D:3)
  Blork the orc (D:6)
  3 gnoll sergeants
  4 kobold brigands (D:11)
  13 bullfrogs
  8 scorpions
  A wyvern skeleton (D:7)
  A water moccasin skeleton (D:4)
  3 killer bees
  5 wights (D:7)
  3 howler monkeys (D:9)
  2 electric eels
  3 lava snakes (Lair:4)
  5 hounds
  7 centaur zombies
  2 human zombies (Ossuary)
  25 orc priests
  7 scorpion zombies (Ossuary)
  14 jellies
  8 bullfrog skeletons
  6 iguanas
  36 orc wizards
  6 hell rats (Lair:3)
  2 polar bear simulacra (Lair:2)
  6 yak simulacra (Lair:2)
  2 wolf simulacra (Lair:2)
  A hound skeleton (D:5)
  3 mummies (Ossuary)
  14 gnolls
  7 adders
  A shadow imp (D:5)
  3 white imps
  2 ufetubi
  A worm (D:2)
  4 dart slugs
  78 orcs
  13 endoplasms
  2 giant cockroaches
  11 goblins
  5 hobgoblins
  10 jackals
  9 kobolds
  3 quokkas
  12 ball pythons
  6 bats (D:1)
  3 frilled lizards
  2 goblin zombies (Ossuary)
  4 hobgoblin zombies (Ossuary)
  2 kobold zombies (Ossuary)
  8 rats
  A river rat simulacrum (Lair:2)
  17 tentacles
1046 creatures vanquished.

Vanquished Creatures (collateral kills)
  A nagaraja (Snake:4)
  A shock serpent (Snake:4)
  A sea snake (Snake:4)
  2 naga ritualists (Snake:4)
  A salamander (Snake:4)
6 creatures vanquished.

Vanquished Creatures (others)
  A harpy (Shoals:4)
  A faun (Shoals:1)
  An orc warrior (Orc:2)
  A scorpion (Ossuary)
  3 orc wizards
  2 orcs
  A kobold zombie (Ossuary)
  19 fungi
  47 plants
  27 tentacles
103 creatures vanquished.

Grand Total: 1155 creatures vanquished

Notes
Turn   | Place    | Note
-------+----------+-------------------------------------------
     0 | D:1      | Wyvernaa the Ogre Fighter began the quest for the Orb.
     0 | D:1      | Reached XP level 1. HP: 24/24 MP: 1/1
   127 | D:1      | Reached XP level 2. HP: 27/32 MP: 2/2
   167 | D:1      | Reached skill level 2 in Maces & Flails
   270 | D:1      | Found a faded altar of an unknown god.
   712 | D:1      | Reached XP level 3. HP: 40/40 MP: 3/3
  1931 | D:2      | Reached skill level 3 in Maces & Flails
  1931 | D:2      | Reached XP level 4. HP: 22/49 MP: 4/4
  2357 | D:2      | Found Daumupt's General Store.
  2360 | D:2      | Bought a scroll of teleportation for 36 gold pieces
  3085 | D:3      | Found a transporter.
  3085 | D:3      | Noticed pigah's ghost (amateur OpWn)
  3092 | D:3      | Found a transporter.
  3297 | D:3      | Reached XP level 5. HP: 48/55 MP: 5/5
  3309 | D:3      | Reached skill level 4 in Maces & Flails
  3392 | D:3      | Found Jikk's Jewellery Shoppe.
  3603 | D:3      | Identified the Volume of Vitriolic Darkness
  3797 | D:4      | Found a sand-covered staircase.
  3802 | Ossuary  | Entered an ossuary
  4046 | Ossuary  | Reached XP level 6. HP: 51/63 MP: 6/6
  5820 | Ossuary  | Reached skill level 5 in Fighting
  5975 | Ossuary  | Reached skill level 5 in Maces & Flails
  6264 | Ossuary  | Reached XP level 7. HP: 44/72 MP: 7/7
  7178 | Ossuary  | Reached skill level 6 in Maces & Flails
  8221 | Ossuary  | Reached XP level 8. HP: 31/83 MP: 8/8
  8744 | Ossuary  | Glimpsed the power of Zot.
  9345 | D:4      | Reached skill level 7 in Maces & Flails
 10421 | D:4      | Found a sparkling altar of Nemelex Xobeh.
 10914 | D:5      | Entered Level 5 of the Dungeon
 11163 | D:5      | Reached skill level 8 in Maces & Flails
 11163 | D:5      | Reached XP level 9. HP: 81/92 MP: 9/9
 12011 | D:5      | Found a radiant altar of Vehumet.
 12013 | D:5      | Found a shimmering altar of Xom.
 12013 | D:5      | Found a snail-covered altar of Cheibriados.
 12794 | D:5      | Found a white marble altar of Elyvilon.
 13099 | D:6      | Reached skill level 9 in Maces & Flails
 13148 | D:6      | Noticed Blork the orc
 13163 | D:6      | Killed Blork the orc
 13968 | D:6      | Found a staircase to the Ecumenical Temple.
 13985 | Temple   | Entered the Ecumenical Temple
 14016 | Temple   | Became a worshipper of Qazlal Stormbringer
 14789 | D:7      | Reached skill level 5 in Dodging
 14789 | D:7      | Reached skill level 5 in Shields
 15293 | D:7      | Noticed a hornet
 15313 | D:7      | Noticed Rohain's ghost (novice TrMo)
 15323 | D:7      | Found a transporter.
 15328 | D:7      | Found a transporter.
 15344 | D:7      | Noticed a queen bee
 15454 | D:7      | Reached skill level 10 in Maces & Flails
 15454 | D:7      | Reached XP level 10. HP: 91/104 MP: 10/10
 15527 | D:7      | Noticed a two-headed ogre
 15610 | D:7      | Noticed Harold
 15730 | D:8      | Reached * piety under Qazlal
 15958 | D:8      | Found a shimmering blue altar of Sif Muna.
 16056 | D:8      | Found a runed translucent door.
 16056 | D:8      | Noticed a sixfirhy
 16296 | D:8      | Found a runed translucent door.
 16296 | D:8      | Noticed jasper's ghost (novice MfTm)
 16827 | D:8      | Reached skill level 1 in Invocations
 17640 | D:9      | Found a staircase to the Orcish Mines.
 17934 | D:9      | Found a runed translucent door.
 18269 | D:9      | Noticed quinnr's ghost (journeyman DjAE)
 18527 | D:9      | Paralysed by a hornet for 1 turns
 18539 | D:9      | Paralysed by a hornet for 1 turns
 19493 | D:9      | Reached ** piety under Qazlal
 19784 | D:10     | Entered Level 10 of the Dungeon
 20238 | D:10     | Noticed Erica
 20257 | D:10     | Found a runed translucent door.
 20258 | D:10     | Noticed quinnr's ghost (journeyman DjIE)
 20780 | D:10     | Found a broken altar of Ashenzari.
 20784 | D:10     | Saw a vision of the Shoals and the Snake Pit.
 20784 | D:10     | Noticed a naga sharpshooter
 20784 | D:10     | Noticed a merfolk siren
 20784 | D:10     | Noticed a mana viper
 20784 | D:10     | Noticed a merfolk siren
 20784 | D:10     | Noticed a black mamba
 20784 | D:10     | Noticed a naga warrior
 20784 | D:10     | Noticed a naga mage
 20784 | D:10     | Noticed a naga mage
 20784 | D:10     | Noticed a sea snake
 20784 | D:10     | Noticed a black mamba
 20784 | D:10     | Noticed a merfolk siren
 20784 | D:10     | Noticed a black mamba
 20784 | D:10     | Noticed a sea snake
 20876 | D:10     | Killed Erica
 20877 | D:10     | Reached skill level 11 in Maces & Flails
 21300 | D:10     | Found an opulent altar of Gozag.
 21510 | D:10     | Noticed Grum
 21513 | D:10     | Noticed a kobold demonologist
 21568 | D:10     | Killed a kobold demonologist
 21577 | D:10     | Killed Grum
 21578 | D:10     | Reached XP level 11. HP: 105/115 MP: 13/13
 22012 | D:11     | Noticed a two-headed ogre
 22051 | D:11     | Noticed a two-headed ogre
 22055 | D:11     | Killed a two-headed ogre
 22258 | D:11     | Noticed a cyclops
 22287 | D:11     | Killed a cyclops
 22377 | D:11     | Killed a two-headed ogre
 22626 | D:11     | Noticed a two-headed ogre
 22638 | D:11     | Killed a two-headed ogre
 22746 | D:11     | Noticed a two-headed ogre
 22754 | D:11     | Killed a two-headed ogre
 22755 | D:11     | Reached skill level 12 in Maces & Flails
 23125 | D:11     | Reached skill level 5 in Invocations
 23131 | D:11     | Found a staircase to the Lair.
 23131 | D:11     | Noticed a seven-headed hydra
 23222 | D:11     | Killed a seven-headed hydra
 23305 | D:11     | Noticed a manticore
 23334 | D:11     | Killed a manticore
 23621 | D:12     | Noticed a manticore
 23630 | D:12     | Killed a manticore
 23631 | D:12     | Reached XP level 12. HP: 100/126 MP: 16/16
 23991 | D:12     | Noticed Jorgrun
 24097 | Lair:1   | Entered Level 1 of the Lair of Beasts
 24317 | Lair:1   | Noticed a five-headed hydra
 24348 | Lair:1   | Killed a five-headed hydra
 24349 | Lair:1   | Reached skill level 10 in Fighting
 25177 | Lair:2   | Reached skill level 13 in Maces & Flails
 25275 | Lair:2   | Noticed a five-headed hydra
 25287 | Lair:2   | Killed a five-headed hydra
 25301 | Lair:2   | Noticed a seven-headed hydra
 25555 | Lair:2   | Killed a seven-headed hydra
 25809 | Lair:2   | Noticed a five-headed hydra
 25818 | Lair:2   | Killed a five-headed hydra
 26180 | Lair:2   | Reached XP level 13. HP: 134/135 MP: 18/18
 26455 | Lair:3   | Reached *** piety under Qazlal
 26716 | Lair:3   | Found a staircase to the Shoals.
 27710 | Lair:3   | Upgraded the game from 0.27-a0-1217-g8a41f320e8 to
                  | 0.27-a0-1219-g958d993ae5
 27867 | Lair:4   | Reached skill level 14 in Maces & Flails
 27991 | Lair:4   | Reached **** piety under Qazlal
 28058 | Lair:4   | Found a staircase to the Snake Pit.
 28294 | Lair:4   | Found a runed translucent door.
 28338 | Lair:4   | Found the +2 hat of the Bear Spirit {Spirit, +Rage rN+
                  | Will++}
 28470 | Lair:4   | Identified the +6 whip of the Forgotten Hells {antimagic,
                  | Str+3}
 28969 | Lair:5   | Reached XP level 14. HP: 64/149 MP: 7/20
 29138 | Lair:5   | Found a blossoming altar of Fedhas.
 29456 | Lair:5   | Found a staircase to the Slime Pits.
 29542 | Lair:5   | Noticed Josephine
 29547 | Lair:5   | Killed Josephine
 29765 | Lair:6   | Entered Level 6 of the Lair of Beasts
 29782 | Lair:5   | Reached ***** piety under Qazlal
 29974 | Lair:6   | Reached skill level 10 in Dodging
 30336 | Lair:6   | Noticed Snorg
 30349 | Lair:6   | Killed Snorg
 30350 | Lair:6   | Reached skill level 10 in Invocations
 30834 | Lair:6   | Noticed a dire elephant
 30857 | Lair:6   | Killed a dire elephant
 31485 | D:3      | Bought an amulet of regeneration for 390 gold pieces
 31768 | D:12     | Killed Jorgrun
 31893 | D:12     | Reached XP level 15. HP: 88/165 MP: 22/22
 32004 | D:12     | Identified the +9 great mace of Goxzy {flame, Will- rCorr
                  | Str+6 SInv}
 32004 | D:12     | Noticed cobaltphoenix's ghost (journeyman GrEE)
 32006 | D:12     | Found a transporter.
 32009 | D:12     | Found a transporter.
 32470 | D:3      | Killed pigah's ghost
 32749 | D:7      | Noticed Joseph
 32754 | D:7      | Killed Joseph
 32866 | D:7      | Found an ornate altar of the Wu Jian Council.
 33050 | D:7      | Found a burning altar of Makhleb.
 33054 | D:7      | Found a hide-covered altar of Uskayaw.
 33300 | D:8      | Killed jasper's ghost
 33374 | D:7      | Found a basalt altar of Yredelemnul.
 33375 | D:7      | Found a hazy altar of Hepliaklqana.
 33377 | D:7      | Killed Harold
 33378 | D:7      | Reached skill level 15 in Maces & Flails
 33629 | D:9      | Killed quinnr's ghost
 33712 | D:10     | Killed quinnr's ghost
 34079 | D:12     | Killed cobaltphoenix's ghost
 34234 | D:13     | Found Vaowouto's General Store.
 34253 | D:13     | Bought a scroll of teleportation for 48 gold pieces
 34597 | D:13     | Found a gate to the Vaults.
 34849 | D:14     | Reached skill level 16 in Maces & Flails
 35435 | D:15     | Entered Level 15 of the Dungeon
 35568 | D:15     | Identified the +1 falchion "Peuf Pau" {vorpal, Fly Int+4}
 35907 | D:15     | Reached skill level 17 in Maces & Flails
 35981 | D:15     | Found the macabre finger necklace {rN+}
 36053 | D:15     | Reached XP level 16. HP: 160/174 MP: 23/23
 36093 | D:15     | Found a staircase to the Depths.
 36758 | Orc:1    | Entered Level 1 of the Orcish Mines
 37089 | Orc:2    | Entered Level 2 of the Orcish Mines
 37332 | Orc:1    | Noticed Sonja
 37340 | Orc:1    | Killed Sonja
 37715 | Orc:2    | Found a staircase to the Elven Halls.
 37750 | Orc:2    | Found Ymoxkano's Distillery.
 37750 | Orc:2    | Found Bubiodgh's Antique Weapon Shoppe.
 37751 | Orc:2    | Found Bucerch's Distillery.
 37755 | Orc:2    | Found Kaihen's Assorted Antiques.
 37918 | Orc:2    | Bought an embroidered hat for 245 gold pieces
 37918 | Orc:2    | Bought a scroll of teleportation for 105 gold pieces
 38292 | Snake:1  | Entered Level 1 of the Snake Pit
 39024 | Snake:1  | Reached skill level 18 in Maces & Flails
 39148 | Snake:1  | Reached ****** piety under Qazlal
 39218 | Snake:1  | Found Felalugg's Book Shoppe.
 39218 | Snake:1  | Found Movet's Jewellery Boutique.
 39219 | Snake:1  | Found Xazefat's Book Shoppe.
 39952 | D:3      | Bought a ring of poison resistance for 260 gold pieces
 41040 | Snake:2  | Noticed a nagaraja
 41049 | Snake:2  | Killed a nagaraja
 41173 | Snake:2  | Reached skill level 19 in Maces & Flails
 42212 | Snake:2  | Reached XP level 17. HP: 170/182 MP: 24/24
 43629 | Snake:3  | Reached skill level 20 in Maces & Flails
 43938 | Snake:3  | Identified Luomonn's Papyrus of Twisted Contamination
 44257 | Shoals:1 | Entered Level 1 of the Shoals
 44257 | Shoals:1 | Noticed Louise
 44293 | Lair:3   | Killed Louise
 45728 | Shoals:2 | Identified the +2 robe of Valour {rF+ Str+3}
 46574 | Shoals:2 | Found Tuquun's Assorted Antiques.
 46577 | Shoals:2 | Bought a scroll of enchant weapon for 225 gold pieces
 46893 | Shoals:3 | Reached skill level 21 in Maces & Flails
 47133 | Shoals:2 | Reached XP level 18. HP: 98/191 MP: 25/25
 48085 | Shoals:3 | Found Nint's Distillery.
 48741 | Shoals:4 | Entered Level 4 of the Shoals
 48742 | Shoals:4 | Noticed Polyphemus
 48864 | Shoals:3 | Killed Polyphemus
 49917 | Shoals:4 | Reached skill level 22 in Maces & Flails
 50713 | Shoals:4 | Reached skill level 1 in Throwing
 50713 | Shoals:4 | Reached skill level 1 in Ice Magic
 50772 | Shoals:4 | Reached skill level 1 in Staves
 50785 | Shoals:4 | Reached skill level 1 in Fire Magic
 50865 | Shoals:4 | Reached skill level 1 in Poison Magic
 51472 | Shoals:4 | Reached skill level 1 in Evocations
 51545 | Shoals:4 | Got a barnacled rune of Zot
 52335 | Snake:3  | Reached XP level 19. HP: 189/198 MP: 27/27
 53007 | Snake:4  | Entered Level 4 of the Snake Pit
 53498 | Snake:4  | Reached skill level 15 in Fighting
 54244 | Snake:4  | Found a runed translucent gate.
 54245 | Snake:4  | Found a runed translucent gate.
 54246 | Snake:4  | Found a runed translucent gate.
 54248 | Snake:4  | Noticed Strat's ghost (adept KoCj)
 54322 | Snake:4  | Mangled by a naga warrior

Illustrated notes

Levels and vault maps discovered:
D:1:      scummos_arrival_gate, layout_basic,
          shapermc_ecumenical_altar_totnotflames, serial_co_window_serial,
          co_window_of_opportunity_a, co_window_paths_a, co_window_paths_a,
          co_window_paths_a, co_window_paths_a, co_window_of_opportunity_a,
          co_window_paths_b, co_window_broadway_c, co_window_2corner,
          co_window_unsneaky_path_e, co_window_corner_b, co_window_corner_b,
          co_window_cross_2, co_window_unsneaky_path_b, glass_columns_c,
          glass_columns_a
D:2:      cheibrodos_helix_gallery, layout_loops_ring, serial_shops,
          nicolae_shop_statue_plus, kennysheep_generic_room_5
D:3:      layout_basic, gammafunk_ghost_mausoleum, serial_glass,
          glass_columns_a, glass_columns_a, serial_shops,
          nicolae_shop_temple_entry_statues_fountains
D:4:      kennysheep_spiral_hall, layout_loops_corners,
          nemelex_dance_club_becter, nicolae_ossuary_entry_monument,
          minmay_increasing_density
D:5:      layout_basic, lemuel_tele_altar, gammafunk_temple_overflow_forgotten,
          minmay_quadrilaterals
D:6:      layout_cave_pods, minmay_temple_entry_overgrown, uniq_blork_the_orc
D:7:      layout_loops_ring, nicolae_overflow_hidden_temple,
          gammafunk_ghost_hive, hangedman_decor_lopped, water_boxes_lemuel,
          uniq_joseph, uniq_harold
D:8:      cheibrodos_shockbox, layout_basic, old_standard_altar,
          ebering_ghost_inner_flame
D:9:      layout_layer_cave, david_orc_5, ebering_ghost_reflecting_pool
D:10:     layout_gridville, kennysheep_mini_moat, grunt_ashenzari_visionary
          [grunt_ashenzari_visionary_shoals, grunt_ashenzari_visionary_snake],
          hellmonk_ghost_happy_afterlife, uniq_erica, uniq_grum
D:11:     layout_loops_ring, david_lair_generic
D:12:     layout_loops_ring, gammafunk_ghost_smash, uniq_jorgrun
D:13:     layout_rooms, david_vaults_2, serial_shops, shop
D:14:     layout_basic, nicolae_water_bricks
D:15:     grunt_enter_depths_hoard, layout_stronghold,
          hangedman_decor_clover_reticule, minmay_statue_bubble
Temple:   dpeg_three_leaves_temple
Lair:1:   layout_small_grid, st_stairs_7
Lair:2:   layout_chaotic_city, eino_house_with_fridge
Lair:3:   beast_lair_carwin_large_2, layout_cave_pods,
          minmay_shoals_entry_beasts, worms_lemuel, serial_bayou_shore_b
Lair:4:   gammafunk_indiana_jones, layout_gridlike,
          minmay_snake_entry_guardpost_small, nicolae_quartered_pool_super
Lair:5:   layout_cave_shapes, minmay_slime_entry_jelly_boxes,
          hangedman_tree_tricks, uniq_josephine
Lair:6:   grunt_lair_end_beastmaster, layout_gridlike, patterned_corridor,
          uniq_snorg
Shoals:1: layout_shoals, uniq_louise
Shoals:2: cheibrodos_shoals_epimethial_gifts, layout_shoals, serial_shops,
          nicolae_shop_behind_doors
Shoals:3: layout_shoals, serial_shops, shop_statue,
          nicolae_shoals_siren_and_animal_friends
Shoals:4: shoals_end_grunt_ice, layout_shoals, uniq_polyphemus
Snake:1:  layout_misc_corridors, portal_ice_cave_entry_pillars_1, st_stairs_13,
          minmay_shop_grove
Snake:2:  layout_rooms, grunt_megastairs_3
Snake:3:  layout_layer_cave, grunt_megastairs_1
Snake:4:  minmay_snake_end_coiled, layout_basic, gammafunk_ghost_necromancy,
          guppyfry_snake_island
Orc:1:    layout_caves, serial_shops, statue_in_the_mist_lemuel, uniq_sonja
Orc:2:    st_orc_mages, layout_caves

Skill      XL: |  1  2  3  4  5  6  7  8  9 10 11 12 13 14 15 16 17 18 19 |
---------------+----------------------------------------------------------+-----
Maces & Flails | 2 3 4 5 6 8 10 11 12 13 14 17 19 21 22 | 22.0
Dodging        | 3 4 5 6 7 9 10 11 | 11.3
Shields        | 3 4 5 6 7 8 9 |  9.0
Fighting       | 5 6 7 9 10 12 14 15 | 15.2
Invocations    | 3 5 7 9 10 11 | 11.5
Throwing       | 1 |  1.0
Ice Magic      | 1 |  1.2
Staves         | 1 |  1.1
Fire Magic     | 1 |  1.0
Poison Magic   | 1 |  1.1
Evocations     | 1 3 |  3.3
Short Blades   | |  0.8
Long Blades    | |  0.6
Axes           | |  0.7
Polearms       | |  0.9
Slings         | |  0.5
Bows           | |  0.3
Crossbows      | |  0.7
Conjurations   | |  0.7
Hexes          | |  0.7
Summonings     | |  0.8
Necromancy     | |  0.6
Translocations | |  0.9
Transmutations | |  0.8
Air Magic      | |  0.8
Earth Magic    | |  0.6

Action                   |  1- 3 |  4- 6 |  7- 9 | 10-12 | 13-15 | 16-18 | 19-21 || total
-------------------------+-------+-------+-------+-------+-------+-------+-------++-------
Melee: Flail             |   136 |   183 |   494 |    16 |       |       |       ||   829
       Mace              |       |       |       |   660 |   670 |       |       ||  1330
       Whip              |       |       |       |       |    85 |       |       ||    85
       Giant spiked club |       |       |       |       |   330 |  1232 |   121 ||  1683
Invok: Upheaval          |       |       |       |     6 |       |     6 |     2 ||    14
       Elemental Force   |       |       |       |       |     2 |     2 |     2 ||     6
       Disaster Area     |       |       |       |       |       |     2 |     1 ||     3
Evoke: Wand              |       |       |       |     1 |     1 |       |       ||     2
  Use: Scroll            |     3 |       |     4 |    12 |    14 |    17 |     3 ||    53
       Potion            |       |       |     5 |    12 |     3 |     5 |     3 ||    28
 Stab: Sleeping          |     2 |       |     2 |       |       |       |       ||     4
       Distracted        |       |     1 |     1 |       |       |     2 |       ||     4
       Invisible         |       |       |       |     1 |       |       |       ||     1
       Petrified         |       |       |       |       |     2 |     2 |       ||     4
Armor: Robe              |    42 |    41 |    90 |    37 |       |       |       ||   210
       Troll leather arm |       |       |       |    49 |   144 |   314 |    56 ||   563
Dodge: Dodged            |    71 |    66 |   161 |   155 |   313 |   961 |    88 ||  1815
       Repelled          |       |       |       |       |     7 |    58 |    12 ||    77
Block: Kite shield       |    65 |    97 |   259 |   557 |   563 |       |       ||  1541
       Reflection        |       |       |       |    22 |    19 |    11 |       ||    52
       Other             |       |       |       |       |    84 |   591 |    50 ||   725

Table legend: (Time is in decaauts)
 A = Elapsed time spent in this place.
 B = Non-inter-level travel time spent in this place.
 C = Inter-level travel time spent in this place.
 D = Time resting spent in this place.
 E = Time spent auto-exploring this place.
 F = Levels seen in this place.
 G = Mean time per level.
                   A        B        C        D        E       F      G
               +--------+--------+--------+--------+--------+-----+--------+
         Total |  54164 |  51100 |   3064 |  18334 |  20806 |  33 | 1641.3 |
       Dungeon |  24986 |  22975 |   2011 |   6101 |  12313 |  15 | 1665.7 |
        Temple |     49 |     48 |      1 |      0 |      0 |   1 |   49.0 |
          Lair |   8273 |   7603 |    670 |   1589 |   3866 |   6 | 1378.8 |
        Shoals |   7356 |   7224 |    132 |   2839 |   2475 |   4 | 1839.0 |
     Snake Pit |   6963 |   6802 |    161 |   3242 |   1656 |   4 | 1740.8 |
  Orcish Mines |   1208 |   1122 |     86 |    122 |    496 |   2 |  604.0 |
       Ossuary |   5326 |   5326 |      0 |   4439 |      0 |   1 | 5326.0 |
               +--------+--------+--------+--------+--------+-----+--------+

Top non-repeatable levels by time:
 Ossuary: 5326 daAuts
     D:9: 2971 daAuts
 Snake:3: 2896 daAuts
 Snake:2: 2346 daAuts
     D:5: 2336 daAuts
    D:10: 2259 daAuts
Shoals:3: 2225 daAuts
  Lair:4: 2092 daAuts
Shoals:2: 2052 daAuts
    D:11: 2005 daAuts
     D:7: 1841 daAuts
     D:4: 1812 daAuts
     D:6: 1776 daAuts
Shoals:4: 1756 daAuts
     D:8: 1745 daAuts
